2063 views
Uploaded 2022-11-15 06:24:21
Game version 1.33
17:16 long 4on4 ladder game on (8)Northshire_LV
Saved by ZueD
2063 views
Uploaded 2022-11-15 06:24:21
Game version 1.33
17:16 long 4on4 ladder game on (8)Northshire_LV


100 units @ 16.3k
/ 2.7k
72 buildings @ 10.3k
/ 4.3k


| Rod of Necromancy | 1 | 150 |
| Sacrificial Skull | 1 | 50 |
| Orb of Corruption | 1 | 375 |
| Scroll of Town Portal | 4 | 1400 |
| total: | 7 | 1975g |
| Acolyte | 7 | 525 | / | 0 |
| Ghoul | 3 | 360 | / | 0 |
| Crypt Fiend | 9 | 1935 | / | 360 |
| Obsidian Statue | 3 | 600 | / | 105 |
| Abomination | 3 | 720 | / | 210 |
| total: | 25 | 4140g | / | 675w |
| Spirit Tower | 1 | 145 | / | 40 |
| Crypt | 1 | 200 | / | 50 |
| Ziggurat | 8 | 1200 | / | 400 |
| Graveyard | 1 | 215 | / | 0 |
| Altar of Darkness | 1 | 180 | / | 50 |
| Tomb of Relics | 1 | 130 | / | 30 |
| Necropolis | 1 | 225 | / | 0 |
| Slaughterhouse | 3 | 420 | / | 405 |
| Halls of the Dead | 1 | 320 | / | 210 |
| Black Citadel | 1 | 325 | / | 230 |
| total: | 16 | 2570g | / | 935w |
| 0:04 | Acolyte |
| 0:04 | Acolyte |
| 0:09 | Crypt |
| 0:16 | Ziggurat |
| 0:39 | Graveyard |
| 0:57 | Altar of Darkness |
| 1:15 | Ghoul |
| 1:25 | Ziggurat |
| 1:43 | Ghoul |
| 1:53 | Tomb of Relics |
| 2:05 | Ghoul |
| 2:25 | Crypt Fiend |
| 2:47 | Crypt Fiend |
| 2:59 | Carrion Beetles |
| 3:12 | Rod of Necromancy |
| 3:28 | Sacrificial Skull |
| 3:36 | Crypt Fiend |
| 3:38 | Acolyte |
| 4:13 | Impale |
| 4:17 | Ziggurat |
| 4:40 | Halls of the Dead |
| 5:28 | Carrion Beetles |
| 5:34 | Crypt Fiend |
| 5:42 | Ziggurat |
| 5:43 | Ziggurat |
| 6:31 | Necropolis |
| 6:42 | Crypt Fiend |
| 6:45 | Ziggurat |
| 7:13 | Acolyte |
| 7:13 | Acolyte |
| 7:29 | Slaughterhouse |
| 7:50 | Black Citadel |
| 8:28 | Death Coil |
| 8:50 | Obsidian Statue |
| 8:50 | Obsidian Statue |
| 8:52 | Acolyte |
| 8:52 | Acolyte |
| 8:55 | Ziggurat |
| 8:56 | Ziggurat |
| 8:59 | Impale |
| 9:55 | Crypt Fiend |
| 9:56 | Obsidian Statue |
| 10:11 | Spirit Tower |
| 10:25 | Scroll of Town Portal |
| 10:53 | Unholy Aura |
| 11:10 | Crypt Fiend |
| 11:11 | Crypt Fiend |
| 11:11 | Web |
| 11:15 | Slaughterhouse |
| 11:18 | Unholy Armor |
| 11:18 | Unholy Strength |
| 11:25 | Slaughterhouse |
| 11:50 | Disease Cloud |
| 12:04 | Orb of Corruption |
| 12:26 | Scroll of Town Portal |
| 12:27 | Abomination |
| 12:29 | Abomination |
| 13:28 | Scroll of Town Portal |
| 13:39 | Abomination |
| 13:41 | Improved Unholy Strength |
| 13:42 | Improved Unholy Armor |
| 14:10 | Crypt Fiend |
| 14:58 | Advanced Unholy Strength |
| 15:43 | Scroll of Town Portal |
| 16:19 | Impale |
| Right click | 335 |
| Select | 210 |
| Select group | 178 |
| Build/train/purchase | 76 |
| Assign group | 36 |
| Use ability | 22 |
| Minimap ping | 20 |
| Resource trade | 5 |
| Item give/drop | 1 |
| Remove unit | 1 |
| Esc | 1 |

| Scroll of Town Portal | 2 | 700 |
| Healing Salve | 1 | 100 |
| total: | 3 | 800g |
| Acolyte | 2 | 150 | / | 0 |
| Ghoul | 4 | 480 | / | 0 |
| Crypt Fiend | 2 | 430 | / | 80 |
| Frost Wyrm | 4 | 1540 | / | 480 |
| total: | 12 | 2600g | / | 560w |
| Nerubian Tower | 1 | 100 | / | 20 |
| Spirit Tower | 3 | 435 | / | 120 |
| Altar of Darkness | 1 | 180 | / | 50 |
| Ziggurat | 7 | 1050 | / | 350 |
| Crypt | 1 | 200 | / | 50 |
| Graveyard | 1 | 215 | / | 0 |
| Boneyard | 2 | 350 | / | 400 |
| Halls of the Dead | 1 | 320 | / | 210 |
| Black Citadel | 1 | 325 | / | 230 |
| total: | 12 | 1995g | / | 850w |
| 0:05 | Acolyte |
| 0:06 | Acolyte |
| 0:10 | Altar of Darkness |
| 0:12 | Ziggurat |
| 0:34 | Crypt |
| 1:24 | Ziggurat |
| 1:29 | Ziggurat |
| 1:40 | Graveyard |
| 1:54 | Ghoul |
| 1:55 | Ghoul |
| 2:08 | Ghoul |
| 2:17 | Unholy Aura |
| 2:23 | Nerubian Tower |
| 2:31 | Ghoul |
| 3:07 | Halls of the Dead |
| 3:44 | Spirit Tower |
| 4:12 | Crypt Fiend |
| 4:13 | Crypt Fiend |
| 5:38 | Black Citadel |
| 6:34 | Healing Salve |
| 7:01 | Ziggurat |
| 7:02 | Ziggurat |
| 7:03 | Ziggurat |
| 7:05 | Ziggurat |
| 7:18 | Death Coil |
| 8:00 | Boneyard |
| 8:02 | Boneyard |
| 9:16 | Frost Wyrm |
| 9:19 | Frost Wyrm |
| 9:58 | Spirit Tower |
| 11:16 | Frost Wyrm |
| 11:49 | Unholy Aura |
| 12:02 | Spirit Tower |
| 12:58 | Scroll of Town Portal |
| 13:44 | Frost Wyrm |
| 14:24 | Creature Attack |
| 14:26 | Creature Carapace |
| 14:33 | Freezing Breath |
| 15:33 | Scroll of Town Portal |
| Right click | 246 |
| Select group | 191 |
| Select | 104 |
| Build/train/purchase | 29 |
| Assign group | 13 |
| Use ability | 8 |
| Resource trade | 5 |
| Minimap ping | 2 |


| Scroll of Regeneration | 5 | 500 |
| Lesser Clarity Potion | 5 | 350 |
| Orb of Fire | 1 | 325 |
| Scroll of Town Portal | 1 | 350 |
| total: | 12 | 1525g |
| Peasant | 10 | 750 | / | 0 |
| Rifleman | 15 | 3075 | / | 450 |
| Flying Machine | 9 | 900 | / | 270 |
| Knight | 2 | 490 | / | 120 |
| Gryphon Rider | 1 | 280 | / | 70 |
| Goblin Shredder | 1 | 375 | / | 100 |
| total: | 38 | 5870g | / | 1010w |
| Scout Tower | 6 | 180 | / | 120 |
| Guard Tower | 3 | 210 | / | 150 |
| Arcane Tower | 1 | 70 | / | 50 |
| Farm | 12 | 960 | / | 240 |
| Altar of Kings | 1 | 180 | / | 50 |
| Lumber Mill | 2 | 240 | / | 0 |
| Blacksmith | 1 | 140 | / | 60 |
| Barracks | 2 | 320 | / | 120 |
| Arcane Vault | 1 | 130 | / | 30 |
| Town Hall | 1 | 385 | / | 205 |
| Workshop | 1 | 140 | / | 140 |
| Gryphon Aviary | 1 | 140 | / | 150 |
| Keep | 2 | 640 | / | 420 |
| Castle | 1 | 360 | / | 210 |
| total: | 28 | 2815g | / | 1115w |
| 0:17 | Peasant |
| 0:17 | Peasant |
| 0:17 | Peasant |
| 0:17 | Peasant |
| 0:17 | Peasant |
| 0:20 | Farm |
| 1:05 | Peasant |
| 1:05 | Peasant |
| 1:05 | Peasant |
| 1:07 | Altar of Kings |
| 1:16 | Lumber Mill |
| 1:21 | Peasant |
| 1:29 | Blacksmith |
| 2:07 | Barracks |
| 2:10 | Barracks |
| 2:17 | Farm |
| 2:28 | Arcane Vault |
| 2:34 | Farm |
| 2:40 | Farm |
| 3:10 | Peasant |
| 3:20 | Rifleman |
| 3:21 | Rifleman |
| 3:30 | Storm Bolt |
| 3:42 | Farm |
| 3:56 | Rifleman |
| 3:56 | Rifleman |
| 3:57 | Rifleman |
| 4:08 | Black Gunpowder |
| 4:21 | Farm |
| 4:33 | Rifleman |
| 4:50 | Bash |
| 4:57 | Rifleman |
| 5:03 | Scroll of Regeneration |
| 5:08 | Lesser Clarity Potion |
| 5:28 | Rifleman |
| 5:59 | Rifleman |
| 6:24 | Lesser Clarity Potion |
| 6:27 | Scroll of Regeneration |
| 6:33 | Scroll of Regeneration |
| 6:52 | Town Hall |
| 7:37 | Scout Tower |
| 7:40 | Scout Tower |
| 7:41 | Scout Tower |
| 7:42 | Scout Tower |
| 7:44 | Scout Tower |
| 7:46 | Lesser Clarity Potion |
| 8:04 | Guard Tower |
| 8:05 | Guard Tower |
| 8:07 | Guard Tower |
| 8:13 | Farm |
| 8:14 | Farm |
| 8:16 | Farm |
| 8:17 | Farm |
| 8:20 | Farm |
| 8:29 | Scroll of Regeneration |
| 9:06 | Keep |
| 9:28 | Rifleman |
| 9:46 | Farm |
| 9:58 | Rifleman |
| 9:59 | Studded Leather Armor |
| 10:06 | Improved Masonry |
| 10:24 | Rifleman |
| 10:29 | Lesser Clarity Potion |
| 10:31 | Scroll of Regeneration |
| 11:07 | Scout Tower |
| 11:35 | Arcane Tower |
| 11:37 | Goblin Shredder |
| 11:44 | Castle |
| 11:49 | Lumber Mill |
| 11:52 | Storm Bolt |
| 12:28 | Long Rifles |
| 12:29 | Advanced Masonry |
| 12:43 | Rifleman |
| 12:43 | Rifleman |
| 12:53 | Refined Gunpowder |
| 13:30 | Workshop |
| 13:40 | Rifleman |
| 14:04 | Flying Machine |
| 14:04 | Flying Machine |
| 14:04 | Flying Machine |
| 14:10 | Gryphon Aviary |
| 14:22 | Lesser Clarity Potion |
| 14:22 | Orb of Fire |
| 14:33 | Knight |
| 14:33 | Knight |
| 14:56 | Flying Machine |
| 14:56 | Flying Machine |
| 15:03 | Imbued Masonry |
| 15:05 | Flying Machine |
| 15:06 | Flying Machine |
| 15:08 | Brilliance Aura |
| 15:30 | Scroll of Town Portal |
| 15:51 | Flying Machine |
| 15:51 | Flying Machine |
| 15:52 | Gryphon Rider |
| 16:21 | Bash |
| 16:39 | Summon Water Elemental |
| Right click | 388 |
| Select | 388 |
| Build/train/purchase | 103 |
| Misc. action | 40 |
| Use ability | 25 |
| Minimap ping | 5 |
| Item give/drop | 2 |
| Remove unit | 2 |



| Healing Salve | 2 | 200 |
| Scroll of Speed | 1 | 50 |
| Potion of Mana | 1 | 200 |
| Lesser Clarity Potion | 2 | 140 |
| Orb of Lightning | 1 | 375 |
| Scroll of Town Portal | 2 | 700 |
| Potion of Lesser Invulnerability | 1 | 150 |
| Scroll of Regeneration | 1 | 100 |
| total: | 11 | 1915g |
| Peon | 16 | 1200 | / | 0 |
| Wind Rider | 8 | 2120 | / | 320 |
| Goblin Shredder | 1 | 375 | / | 100 |
| total: | 25 | 3695g | / | 420w |
| Watch Tower | 2 | 220 | / | 160 |
| Altar of Storms | 1 | 180 | / | 50 |
| Orc Burrow | 5 | 800 | / | 200 |
| War Mill | 1 | 205 | / | 0 |
| Voodoo Lounge | 1 | 130 | / | 30 |
| Great Hall | 2 | 770 | / | 370 |
| Beastiary | 2 | 290 | / | 280 |
| Spirit Lodge | 2 | 300 | / | 300 |
| Stronghold | 1 | 315 | / | 190 |
| Fortress | 1 | 325 | / | 190 |
| total: | 16 | 2895g | / | 1390w |
| 0:03 | Peon |
| 0:03 | Peon |
| 0:07 | Altar of Storms |
| 0:19 | Orc Burrow |
| 0:21 | Peon |
| 0:28 | Peon |
| 0:45 | Peon |
| 0:45 | Peon |
| 0:45 | Peon |
| 0:59 | Peon |
| 0:59 | Peon |
| 2:05 | Stronghold |
| 2:07 | Feral Spirit |
| 2:16 | War Mill |
| 2:37 | Orc Burrow |
| 2:39 | Orc Burrow |
| 3:32 | Steel Ranged Weapons |
| 4:29 | Beastiary |
| 4:32 | Beastiary |
| 4:35 | Thorium Ranged Weapons |
| 4:44 | Voodoo Lounge |
| 5:32 | War Stomp |
| 5:32 | Wind Rider |
| 5:32 | Wind Rider |
| 5:40 | Wind Rider |
| 5:58 | Healing Salve |
| 5:59 | Scroll of Speed |
| 6:23 | Wind Rider |
| 6:48 | Orc Burrow |
| 7:14 | Chain Lighting |
| 7:21 | Great Hall |
| 7:41 | Wind Rider |
| 7:48 | Healing Salve |
| 8:14 | Potion of Lesser Invulnerability |
| 8:16 | Wind Rider |
| 8:22 | Endurance Aura |
| 9:38 | Fortress |
| 9:40 | Steel Armor |
| 9:41 | Feral Spirit |
| 10:00 | Reinforced Defenses |
| 10:02 | Peon |
| 10:02 | Peon |
| 10:02 | Peon |
| 10:02 | Peon |
| 10:22 | Potion of Mana |
| 10:24 | Scroll of Town Portal |
| 11:15 | Spirit Lodge |
| 11:19 | Spirit Lodge |
| 11:25 | Wind Rider |
| 11:28 | Orc Burrow |
| 11:30 | War Stomp |
| 11:47 | Thorium Armor |
| 12:37 | Envenomed Spears |
| 13:22 | Great Hall |
| 13:23 | Watch Tower |
| 13:33 | Lesser Clarity Potion |
| 13:33 | Scroll of Regeneration |
| 13:36 | Scroll of Town Portal |
| 13:40 | Witch Doctor Adept Training |
| 13:44 | Healing Wave |
| 14:23 | Goblin Shredder |
| 14:29 | Watch Tower |
| 14:42 | Shaman Adept Training |
| 14:58 | Witch Doctor Master Training |
| 15:04 | Arcanite Ranged Weapons |
| 15:29 | Lesser Clarity Potion |
| 15:31 | Orb of Lightning |
| 15:40 | Wind Rider |
| 15:49 | Hex |
| 15:57 | Endurance Aura |
| 16:19 | Chain Lighting |
| 16:30 | Peon |
| 16:30 | Peon |
| 16:32 | Peon |
| Right click | 596 |
| Select group | 432 |
| Select | 214 |
| Build/train/purchase | 111 |
| Assign group | 31 |
| Minimap ping | 29 |
| Use ability | 28 |
| Item give/drop | 7 |
| Misc. action | 4 |
150 units @ 20.9k
/ 3.2k
88 buildings @ 12.1k
/ 5.4k



| Rod of Necromancy | 2 | 300 |
| Sacrificial Skull | 1 | 50 |
| Orb of Corruption | 1 | 375 |
| Potion of Healing | 4 | 600 |
| Ritual Dagger | 1 | 125 |
| Scroll of Healing | 3 | 750 |
| Scroll of Town Portal | 1 | 350 |
| Boots of Speed | 1 | 250 |
| Potion of Lesser Invulnerability | 1 | 150 |
| Scroll of Protection | 1 | 150 |
| Potion of Invisibility | 1 | 100 |
| total: | 17 | 3200g |
| Acolyte | 8 | 600 | / | 0 |
| Ghoul | 9 | 1080 | / | 0 |
| Crypt Fiend | 5 | 1075 | / | 200 |
| Obsidian Statue | 3 | 600 | / | 105 |
| Frost Wyrm | 3 | 1155 | / | 360 |
| Banshee | 2 | 310 | / | 60 |
| total: | 30 | 4820g | / | 725w |
| Nerubian Tower | 1 | 100 | / | 20 |
| Crypt | 2 | 400 | / | 100 |
| Altar of Darkness | 1 | 180 | / | 50 |
| Ziggurat | 8 | 1200 | / | 400 |
| Tomb of Relics | 1 | 130 | / | 30 |
| Graveyard | 1 | 215 | / | 0 |
| Slaughterhouse | 1 | 140 | / | 135 |
| Temple of the Damned | 1 | 155 | / | 140 |
| Sacrificial Pit | 1 | 75 | / | 150 |
| Boneyard | 3 | 525 | / | 600 |
| Halls of the Dead | 1 | 320 | / | 210 |
| Black Citadel | 1 | 325 | / | 230 |
| total: | 19 | 3020g | / | 1605w |
| 0:01 | Acolyte |
| 0:04 | Crypt |
| 0:10 | Altar of Darkness |
| 0:22 | Ziggurat |
| 0:31 | Acolyte |
| 0:57 | Tomb of Relics |
| 1:07 | Ghoul |
| 1:14 | Ghoul |
| 1:29 | Ziggurat |
| 1:42 | Ghoul |
| 1:57 | Ghoul |
| 2:10 | Carrion Beetles |
| 2:11 | Rod of Necromancy |
| 2:15 | Sacrificial Skull |
| 2:26 | Ghoul |
| 2:34 | Acolyte |
| 2:47 | Ghoul |
| 2:56 | Ghoul |
| 3:10 | Ghoul |
| 3:24 | Ziggurat |
| 3:38 | Spiked Carapace |
| 3:57 | Acolyte |
| 4:16 | Ghoul |
| 4:17 | Acolyte |
| 4:17 | Acolyte |
| 4:22 | Nerubian Tower |
| 4:27 | Rod of Necromancy |
| 4:39 | Acolyte |
| 4:44 | Acolyte |
| 4:54 | Carrion Beetles |
| 5:18 | Halls of the Dead |
| 5:33 | Graveyard |
| 5:48 | Ziggurat |
| 5:51 | Crypt |
| 6:47 | Spiked Carapace |
| 6:56 | Creature Attack |
| 6:56 | Crypt Fiend |
| 7:36 | Creature Carapace |
| 7:38 | Black Citadel |
| 7:42 | Slaughterhouse |
| 8:00 | Boots of Speed |
| 8:10 | Burrow |
| 8:10 | Web |
| 8:12 | Improved Creature Attack |
| 8:18 | Ziggurat |
| 8:19 | Ziggurat |
| 8:22 | Ziggurat |
| 8:41 | Death Coil |
| 9:20 | Obsidian Statue |
| 9:44 | Improved Creature Carapace |
| 10:05 | Ghoul Frenzy |
| 10:19 | Boneyard |
| 10:20 | Boneyard |
| 10:43 | Ziggurat |
| 11:03 | Orb of Corruption |
| 11:03 | Scroll of Healing |
| 11:04 | Potion of Healing |
| 11:05 | Frost Nova |
| 11:22 | Boneyard |
| 11:25 | Temple of the Damned |
| 11:39 | Advanced Creature Attack |
| 11:44 | Crypt Fiend |
| 11:45 | Obsidian Statue |
| 11:45 | Frost Wyrm |
| 11:46 | Frost Wyrm |
| 11:51 | Potion of Lesser Invulnerability |
| 11:52 | Scroll of Healing |
| 11:52 | Scroll of Protection |
| 12:06 | Destroyer Form |
| 12:31 | Banshee Adept Training |
| 12:32 | Advanced Creature Carapace |
| 13:17 | Ritual Dagger |
| 13:18 | Potion of Healing |
| 13:18 | Potion of Healing |
| 13:21 | Crypt Fiend |
| 13:29 | Crypt Fiend |
| 13:45 | Banshee Master Training |
| 13:46 | Scroll of Town Portal |
| 13:57 | Scroll of Healing |
| 14:02 | Potion of Healing |
| 14:33 | Sacrificial Pit |
| 14:51 | Potion of Invisibility |
| 14:58 | Freezing Breath |
| 15:15 | Obsidian Statue |
| 15:57 | Carrion Beetles |
| 16:00 | Unholy Aura |
| 16:15 | Dark Ritual |
| 16:44 | Frost Nova |
| 16:55 | Frost Wyrm |
| 16:57 | Banshee |
| 16:57 | Banshee |
| 16:58 | Crypt Fiend |
| 17:03 | Locust Swarm |
| 17:13 | Dark Ritual |
| Select group | 1082 |
| Right click | 662 |
| Select | 372 |
| Misc. action | 258 |
| Build/train/purchase | 169 |
| Assign group | 63 |
| Chat | 33 |
| Use ability | 19 |
| Item give/drop | 4 |
| Esc | 2 |
| Minimap ping | 2 |

| Scroll of Regeneration | 3 | 300 |
| Lesser Clarity Potion | 2 | 140 |
| Potion of Mana | 2 | 400 |
| Potion of Healing | 2 | 300 |
| Scroll of Healing | 1 | 250 |
| Scroll of Town Portal | 3 | 1050 |
| Scroll of Protection | 1 | 150 |
| total: | 14 | 2590g |
| Peasant | 15 | 1125 | / | 0 |
| Footman | 6 | 810 | / | 0 |
| Knight | 6 | 1470 | / | 360 |
| Flying Machine | 5 | 500 | / | 150 |
| Siege Engine | 4 | 780 | / | 240 |
| Goblin Shredder | 1 | 375 | / | 100 |
| total: | 37 | 5060g | / | 850w |
| Scout Tower | 13 | 390 | / | 260 |
| Guard Tower | 6 | 420 | / | 300 |
| Barracks | 5 | 800 | / | 300 |
| Altar of Kings | 1 | 180 | / | 50 |
| Farm | 12 | 960 | / | 240 |
| Lumber Mill | 1 | 120 | / | 0 |
| Arcane Vault | 1 | 130 | / | 30 |
| Town Hall | 2 | 770 | / | 410 |
| Blacksmith | 1 | 140 | / | 60 |
| Workshop | 2 | 280 | / | 280 |
| Keep | 1 | 320 | / | 210 |
| Castle | 1 | 360 | / | 210 |
| total: | 38 | 3770g | / | 1630w |
| 0:02 | Peasant |
| 0:02 | Peasant |
| 0:03 | Peasant |
| 0:20 | Barracks |
| 0:33 | Altar of Kings |
| 0:36 | Peasant |
| 0:48 | Farm |
| 0:50 | Peasant |
| 1:04 | Farm |
| 1:09 | Peasant |
| 1:18 | Peasant |
| 1:24 | Footman |
| 1:25 | Footman |
| 1:41 | Farm |
| 1:50 | Peasant |
| 1:59 | Peasant |
| 2:02 | Footman |
| 2:18 | Farm |
| 2:20 | Peasant |
| 2:31 | Footman |
| 2:46 | Lumber Mill |
| 2:56 | Storm Bolt |
| 3:00 | Footman |
| 3:30 | Footman |
| 3:41 | Keep |
| 3:45 | Thunder Clap |
| 3:59 | Arcane Vault |
| 4:37 | Town Hall |
| 4:59 | Storm Bolt |
| 5:10 | Farm |
| 5:15 | Scroll of Regeneration |
| 5:17 | Lesser Clarity Potion |
| 5:19 | Scroll of Regeneration |
| 5:32 | Goblin Shredder |
| 6:11 | Castle |
| 6:14 | Blacksmith |
| 6:18 | Barracks |
| 6:29 | Barracks |
| 6:32 | Scout Tower |
| 6:33 | Scout Tower |
| 6:34 | Scout Tower |
| 6:34 | Scout Tower |
| 6:34 | Scout Tower |
| 6:35 | Scout Tower |
| 6:35 | Scout Tower |
| 6:36 | Scout Tower |
| 6:37 | Scout Tower |
| 6:37 | Scout Tower |
| 6:39 | Scout Tower |
| 6:40 | Scout Tower |
| 6:40 | Scout Tower |
| 7:01 | Guard Tower |
| 7:41 | Iron Forged Swords |
| 7:45 | Barracks |
| 7:48 | Barracks |
| 7:50 | Guard Tower |
| 7:51 | Peasant |
| 7:52 | Peasant |
| 7:52 | Peasant |
| 7:52 | Peasant |
| 7:56 | Farm |
| 8:02 | Scroll of Healing |
| 8:03 | Scroll of Protection |
| 8:09 | Guard Tower |
| 8:11 | Improved Masonry |
| 8:33 | Animal War Training |
| 8:35 | Knight |
| 8:38 | Farm |
| 8:39 | Farm |
| 8:40 | Farm |
| 9:21 | Thunder Clap |
| 9:38 | Town Hall |
| 9:50 | Workshop |
| 10:19 | Scroll of Town Portal |
| 10:20 | Lesser Clarity Potion |
| 10:22 | Potion of Mana |
| 10:23 | Potion of Healing |
| 10:24 | Scroll of Town Portal |
| 10:28 | Potion of Mana |
| 10:31 | Knight |
| 10:35 | Farm |
| 10:44 | Peasant |
| 10:47 | Farm |
| 10:56 | Potion of Healing |
| 11:08 | Flying Machine |
| 11:08 | Flying Machine |
| 11:09 | Guard Tower |
| 11:12 | Guard Tower |
| 11:33 | Farm |
| 11:40 | Black Gunpowder |
| 11:40 | Steel Forged Swords |
| 11:41 | Flying Machine |
| 11:41 | Flying Machine |
| 11:42 | Flying Machine |
| 12:06 | Knight |
| 12:30 | Guard Tower |
| 12:32 | Advanced Masonry |
| 13:15 | Barrage |
| 13:16 | Siege Engine |
| 13:20 | Workshop |
| 13:22 | Studded Leather Armor |
| 13:24 | Refined Gunpowder |
| 13:26 | Knight |
| 13:36 | Scroll of Regeneration |
| 13:39 | Scroll of Town Portal |
| 14:29 | Siege Engine |
| 14:33 | Knight |
| 14:35 | Mithril Forged Swords |
| 15:04 | Siege Engine |
| 15:06 | Iron Plating |
| 15:09 | Imbued Masonry |
| 16:06 | Siege Engine |
| 17:05 | Knight |
| Right click | 505 |
| Select | 331 |
| Select group | 281 |
| Build/train/purchase | 90 |
| Chat | 79 |
| Use ability | 23 |
| Assign group | 13 |
| Minimap ping | 5 |
| Item give/drop | 4 |
| Remove unit | 1 |


| Healing Salve | 2 | 200 |
| Lesser Clarity Potion | 3 | 210 |
| Scroll of Speed | 1 | 50 |
| Orb of Lightning | 1 | 375 |
| Scroll of Town Portal | 1 | 350 |
| Scroll of Healing | 1 | 250 |
| Scroll of Protection | 1 | 150 |
| Potion of Lesser Invulnerability | 1 | 150 |
| total: | 11 | 1735g |
| Peon | 17 | 1275 | / | 0 |
| Troll Headhunter | 10 | 1400 | / | 200 |
| Troll Batrider | 10 | 1600 | / | 400 |
| Troll Witch Doctor | 2 | 290 | / | 50 |
| Shaman | 2 | 260 | / | 40 |
| Troll Berserker | 1 | 140 | / | 20 |
| Goblin Shredder | 1 | 375 | / | 100 |
| total: | 43 | 5340g | / | 810w |
| Watch Tower | 3 | 330 | / | 240 |
| Altar of Storms | 1 | 180 | / | 50 |
| Orc Burrow | 4 | 640 | / | 160 |
| War Mill | 1 | 205 | / | 0 |
| Barracks | 1 | 180 | / | 50 |
| Voodoo Lounge | 1 | 130 | / | 30 |
| Great Hall | 1 | 385 | / | 185 |
| Spirit Lodge | 2 | 300 | / | 300 |
| Beastiary | 1 | 145 | / | 140 |
| Stronghold | 1 | 315 | / | 190 |
| Fortress | 1 | 325 | / | 190 |
| total: | 15 | 2495g | / | 1155w |
| 0:04 | Peon |
| 0:04 | Peon |
| 0:13 | Altar of Storms |
| 0:19 | Orc Burrow |
| 0:31 | Peon |
| 0:40 | War Mill |
| 1:01 | Barracks |
| 1:22 | Peon |
| 1:53 | Peon |
| 2:02 | Orc Burrow |
| 2:06 | Troll Headhunter |
| 2:11 | Voodoo Lounge |
| 2:17 | Feral Spirit |
| 2:24 | Troll Headhunter |
| 2:45 | Troll Headhunter |
| 3:09 | Peon |
| 3:09 | Peon |
| 4:04 | Troll Headhunter |
| 4:04 | Troll Headhunter |
| 4:05 | Peon |
| 4:05 | Peon |
| 4:17 | Watch Tower |
| 4:20 | Orc Burrow |
| 4:28 | Healing Salve |
| 4:28 | Lesser Clarity Potion |
| 4:38 | Peon |
| 5:14 | Stronghold |
| 5:33 | Watch Tower |
| 5:43 | Spiked Barricades |
| 5:44 | Troll Headhunter |
| 5:44 | Troll Headhunter |
| 6:11 | Troll Headhunter |
| 6:44 | Troll Headhunter |
| 6:49 | Watch Tower |
| 7:06 | Orc Burrow |
| 7:09 | Troll Headhunter |
| 7:43 | Fortress |
| 7:50 | Chain Lighting |
| 8:00 | Great Hall |
| 8:23 | Feral Spirit |
| 8:39 | Lesser Clarity Potion |
| 8:45 | Healing Salve |
| 8:46 | Scroll of Speed |
| 8:54 | Reinforced Defenses |
| 9:25 | Spirit Lodge |
| 9:31 | Spirit Lodge |
| 9:33 | Lesser Clarity Potion |
| 9:56 | Beastiary |
| 10:29 | Hex |
| 11:05 | Shaman Adept Training |
| 11:05 | Witch Doctor Adept Training |
| 11:07 | Peon |
| 11:07 | Peon |
| 11:12 | Scroll of Town Portal |
| 11:25 | Orb of Lightning |
| 11:44 | Troll Batrider |
| 11:58 | Troll Batrider |
| 12:11 | Peon |
| 12:11 | Peon |
| 12:11 | Peon |
| 12:34 | Shaman Master Training |
| 12:35 | Witch Doctor Master Training |
| 12:40 | Troll Batrider |
| 12:55 | Troll Batrider |
| 13:33 | Troll Batrider |
| 13:33 | Troll Batrider |
| 13:37 | Berserker Upgrade |
| 13:39 | Peon |
| 13:40 | Peon |
| 13:42 | Troll Witch Doctor |
| 13:44 | Shaman |
| 14:07 | Healing Wave |
| 14:22 | Scroll of Healing |
| 14:22 | Scroll of Protection |
| 14:27 | Goblin Shredder |
| 14:32 | Troll Batrider |
| 14:44 | Potion of Lesser Invulnerability |
| 14:58 | Troll Batrider |
| 15:41 | Troll Batrider |
| 15:41 | Troll Batrider |
| 15:43 | Troll Berserker |
| 16:04 | Chain Lighting |
| 16:12 | Troll Witch Doctor |
| 16:12 | Shaman |
| 16:20 | Healing Wave |
| 17:02 | Chain Lighting |
| 17:05 | Chain Lighting |
| Right click | 289 |
| Select group | 198 |
| Select | 178 |
| Build/train/purchase | 90 |
| Chat | 49 |
| Use ability | 27 |
| Assign group | 25 |
| Item give/drop | 4 |
| Resource trade | 4 |
| Minimap ping | 2 |


| Lesser Clarity Potion | 3 | 210 |
| Healing Salve | 3 | 300 |
| Scroll of Speed | 2 | 100 |
| Potion of Mana | 1 | 200 |
| Orb of Lightning | 1 | 375 |
| Potion of Healing | 3 | 450 |
| Scroll of Town Portal | 1 | 350 |
| total: | 14 | 1985g |
| Peon | 11 | 825 | / | 0 |
| Troll Headhunter | 15 | 2100 | / | 300 |
| Troll Berserker | 4 | 560 | / | 80 |
| Spirit Walker | 2 | 390 | / | 70 |
| Shaman | 3 | 390 | / | 60 |
| Demolisher | 3 | 660 | / | 150 |
| Goblin Shredder | 2 | 750 | / | 200 |
| total: | 40 | 5675g | / | 860w |
| Altar of Storms | 1 | 180 | / | 50 |
| Orc Burrow | 8 | 1280 | / | 320 |
| Barracks | 2 | 360 | / | 100 |
| War Mill | 1 | 205 | / | 0 |
| Voodoo Lounge | 1 | 130 | / | 30 |
| Great Hall | 1 | 385 | / | 185 |
| Spirit Lodge | 1 | 150 | / | 150 |
| Tauren Totem | 1 | 135 | / | 155 |
| Stronghold | 1 | 315 | / | 190 |
| Fortress | 1 | 325 | / | 190 |
| total: | 16 | 2825g | / | 990w |
| 0:10 | Peon |
| 0:10 | Peon |
| 0:10 | Peon |
| 0:25 | Peon |
| 0:26 | Peon |
| 0:26 | Peon |
| 0:26 | Peon |
| 0:26 | Peon |
| 0:26 | Peon |
| 0:48 | Peon |
| 0:48 | Peon |
| 1:01 | Altar of Storms |
| 1:07 | Orc Burrow |
| 2:05 | Barracks |
| 2:09 | Orc Burrow |
| 2:24 | War Mill |
| 2:34 | Barracks |
| 3:06 | Orc Burrow |
| 3:08 | Orc Burrow |
| 3:16 | Voodoo Lounge |
| 3:35 | Shockwave |
| 3:41 | Stronghold |
| 4:17 | Troll Headhunter |
| 4:26 | Lesser Clarity Potion |
| 4:26 | Healing Salve |
| 4:35 | Steel Ranged Weapons |
| 4:43 | Troll Headhunter |
| 4:43 | Troll Headhunter |
| 5:38 | Great Hall |
| 5:40 | Troll Headhunter |
| 5:49 | Troll Headhunter |
| 5:57 | Lesser Clarity Potion |
| 6:06 | Fortress |
| 6:07 | Thorium Ranged Weapons |
| 6:14 | War Stomp |
| 6:22 | Troll Headhunter |
| 6:34 | Troll Headhunter |
| 6:35 | Troll Headhunter |
| 6:53 | Troll Headhunter |
| 7:25 | Goblin Shredder |
| 7:25 | Goblin Shredder |
| 7:47 | Troll Headhunter |
| 7:47 | Troll Headhunter |
| 7:51 | Troll Headhunter |
| 7:51 | Troll Headhunter |
| 8:17 | Troll Headhunter |
| 8:33 | Shockwave |
| 8:44 | Berserker Upgrade |
| 8:47 | Troll Headhunter |
| 8:51 | Scroll of Speed |
| 8:55 | Potion of Mana |
| 8:58 | Lesser Clarity Potion |
| 9:38 | Spirit Lodge |
| 9:41 | Tauren Totem |
| 9:47 | Orc Burrow |
| 9:49 | Orc Burrow |
| 9:59 | Troll Berserker |
| 10:03 | Arcanite Ranged Weapons |
| 11:04 | Troll Berserker |
| 11:09 | Orb of Lightning |
| 11:09 | Scroll of Town Portal |
| 11:10 | Scroll of Speed |
| 11:19 | Healing Salve |
| 11:24 | Potion of Healing |
| 11:54 | Troll Berserker |
| 12:05 | Spirit Walker |
| 12:05 | Spirit Walker |
| 12:07 | Shaman Adept Training |
| 12:08 | Shaman |
| 12:08 | Shaman |
| 12:34 | Troll Berserker |
| 13:11 | Burning Oil |
| 13:11 | Demolisher |
| 13:30 | Shaman Master Training |
| 13:33 | Spirit Walker Adept Training |
| 13:39 | Demolisher |
| 13:39 | Demolisher |
| 14:40 | Orc Burrow |
| 14:41 | Orc Burrow |
| 14:45 | Spiked Barricades |
| 14:46 | Reinforced Defenses |
| 14:54 | Shaman |
| 15:14 | Potion of Healing |
| 15:16 | Healing Salve |
| 15:20 | Potion of Healing |
| 15:31 | Troll Regeneration |
| 15:34 | Spirit Walker Master Training |
| 15:36 | Witch Doctor Adept Training |
| 15:49 | Endurance Aura |
| 16:31 | Healing Wave |
| 16:35 | Shockwave |
| 17:00 | Serpent Ward |
| Right click | 272 |
| Select | 200 |
| Chat | 111 |
| Build/train/purchase | 105 |
| Select group | 67 |
| Misc. action | 51 |
| Assign group | 38 |
| Use ability | 32 |
| Resource trade | 9 |
| Item give/drop | 7 |
⇛